 Dungeon Crawl Stone Soup version 0.28.0-45-g0d030f2227 (webtiles) character file.

Game seed: 14326873490624484919

1337 Acheron the Chopper (level 8, -6/70 HPs)
             Began as a Minotaur Abyssal Knight on Apr 8, 2022.
             Was a Believer of Lugonu.
             Mangled by a hornet (12 damage)
             ... on level 7 of the Dungeon.
             The game lasted 00:17:35 (5886 turns).

Acheron the Chopper (Minotaur Abyssal Knight)       Turns: 5886, Time: 00:17:35

Health: -6/70      AC: 10    Str: 18    XL:     8   Next: 35%
Magic:  9/9        EV: 11    Int:  7    God:    Lugonu [**....]
Gold:   153        SH:  0    Dex: 13    Spells: 7/7 levels left

rFire   . . .      SeeInvis .   o - +4 war axe
rCold   . . .      Faith    .   (no shield)
rNeg    . . .      Spirit   .   n - +0 scale mail
rPois   .          Reflect  .   (helmet restricted)
rElec   .          Harm     .   (no cloak)
rCorr   .          Rampage  .   (no gloves)
Will    .....                   t - +2 pair of boots
Stlth   +.........              (no amulet)
HPRegen 0.21/turn               (no ring)
MPRegen 0.11/turn               (no ring)

@: lethally poisoned (-6 -> -21), slowed, very slow
A: horns 2, retaliatory headbutt
a: Renounce Religion, Depart the Abyss, Bend Space


You were on level 7 of the Dungeon.
You worshipped Lugonu.
Lugonu was pleased with you.
You visited 2 branches of the dungeon, and saw 8 of its levels.
You visited the Abyss 1 time.

You collected 233 gold pieces.
You spent 80 gold pieces at shops.

Inventory:

Hand Weapons
 m - a +0 rapier
 o - a +4 war axe (weapon)
Missiles
 c - 4 atropa-tipped darts
 j - 193 stones
 p - 3 boomerangs (quivered)
Armour
 b - a +0 leather armour
 l - a +0 robe of willpower
 n - a +0 scale mail (worn)
 t - a +2 pair of boots (worn)
Jewellery
 v - an amulet of guardian spirit
Wands
 q - a wand of iceblast (11)
 r - a wand of mindburst (14)
Scrolls
 d - 2 scrolls of identify
 g - a scroll of fear
 h - 3 scrolls of teleportation
 k - a scroll of fog
 s - 2 scrolls of blinking
Potions
 a - a potion of heal wounds
 e - 2 potions of invisibility
 f - a potion of might
 i - 2 potions of haste


   Skills:
 * Level 6.0 Fighting
 * Level 6.6 Axes
 * Level 2.5 Throwing
 * Level 5.2 Armour
 * Level 3.5 Dodging
 * Level 2.6 Stealth
 * Level 3.6 Invocations
 * Level 1.6 Evocations


You had 7 spell levels left.
You didn't know any spells.
Your spell library contained the following spells:

 Spells                   Type           Power      Damage    Failure   Level
 Slow                     Hex            0%         N/A       80%         1
 Confusing Touch          Hex            0%         N/A       99%         3
 Gell's Gravitas          Tloc           0%         N/A       99%         3
 Teleport Other           Tloc           0%         N/A       99%         3
 Tukima's Dance           Hex            0%         N/A       99%         3
 Vampiric Draining        Necr           0%         2d6       99%         3
 Anguish                  Hex/Necr       0%         N/A       100%        4
 Dispersal                Tloc           0%         N/A       100%        6
 Enfeeble                 Hex            0%         N/A       100%        7


Dungeon Overview and Level Annotations

Branches:
Dungeon (7/15)             Temple (1/1) D:4

Altars:
Ashenzari
Dithmenos
Elyvilon
Fedhas
Gozag
Hepliaklqana
Kikubaaqudgha
Makhleb
Nemelex Xobeh
Okawaru
Qazlal
Ru
Sif Muna
Trog
Uskayaw
Vehumet
Wu Jian
Xom
Yredelemnul
Zin
The Shining One

Shops:
D:2 *

Annotations:
D:3 exclusion: 2 downstairs
D:4 exclusion: downstairs


Innate Abilities, Weirdness & Mutations

You have a pair of horns on your head.
You reflexively headbutt those who attack you in melee.


Message History

You feel extremely sick. The hornet misses you. You furiously retaliate!
You headbutt the hornet. The hornet stings you!
You suddenly lose the ability to move!
The hornet stings you!
You feel as though you will be slow longer.
You can move again.
You miss the hornet.
The hornet is severely wounded.
You feel very sick. The hornet barely misses you. You furiously retaliate!
You headbutt the hornet, but do no damage.
The hornet stings you.
* * * LOW HITPOINT WARNING * * *
You feel as though you will be slow longer.
The hornet stings you.
* * * LOW HITPOINT WARNING * * *
You shrug off the repeated paralysis!
You feel better. The hornet barely misses you.
The hornet stings you but does no damage.
Aiming: Mindburst
Press: ? - help, Shift-Dir - straight line, f - hornet
Aim: a hornet (severely wounded, chance to affect: 63%)
The hornet resists with significant effort.
The hornet stings you.
* * * LOW HITPOINT WARNING * * *
You are poisoned.
You feel as though you will be slow longer.
The hornet stings you.
* * * LOW HITPOINT WARNING * * *
You are lethally poisoned!
You feel as though you will be slow longer.
You closely miss the hornet.
The hornet is severely wounded.
* * * LOW HITPOINT WARNING * * *
You feel extremely sick. The hornet stings you.
* * * LOW HITPOINT WARNING * * *
You feel as though you will be slow longer.
The hornet stings you!
You die...

#...## #....##
.....## #. #.....###
##.###......(
#..........
.......y.###
...!...@...#####.
.........#...#.(..
#...##...###......$
#.# ##.............
# ##.............. #
#<.............#.
.#.#................
...#..............##
#..................


You could see a hornet.

Vanquished Creatures
  Eustachio (D:5)
  3 black bears
  An ice beast (D:5)
  2 ogres
  2 bullfrogs (D:7)
  2 bullfrog skeletons
  2 hounds
  An orc priest (D:4)
  2 jellies
  2 centaur skeletons (D:5)
  Ijyb (D:3)
  An iguana (D:5)
  An orc wizard (D:5)
  A hound skeleton (D:4)
  4 gnolls
  6 adders
  A shadow imp (D:6)
  A white imp (D:7)
  5 dart slugs
  6 orcs
  6 ball pythons
  A bat (D:2)
  7 endoplasms
  3 giant cockroaches
  6 goblins
  2 hobgoblins
  3 quokkas
  4 frilled lizards
  5 kobolds
  2 rats
84 creatures vanquished.

Vanquished Creatures (others)
  A rat (D:2)
1 creature vanquished.

Grand Total: 85 creatures vanquished

Notes
Turn   | Place    | Note
-------+----------+-------------------------------------------
     0 | Abyss:1  | Acheron the Minotaur Abyssal Knight began the quest for the
                  | Orb.
     0 | Abyss:1  | Reached XP level 1. HP: 19/19 MP: 1/1
    43 | Abyss:2  | Noticed a wight
    45 | Abyss:2  | Noticed a wight
    46 | Abyss:2  | Noticed a wight
    94 | Abyss:2  | Noticed a ynoxinul
    95 | D:1      | Escaped the Abyss
   158 | D:1      | Reached XP level 2. HP: 7/27 MP: 2/2
   538 | D:1      | Reached * piety under Lugonu
  1156 | D:2      | Reached XP level 3. HP: 31/33 MP: 3/3
  1227 | D:2      | Reached skill level 1 in Stealth
  1293 | D:2      | Found Muprah's General Store.
  1305 | D:2      | Bought a scroll of teleportation for 30 gold pieces
  1305 | D:2      | Bought a scroll of teleportation for 30 gold pieces
  1530 | D:2      | Reached XP level 4. HP: 27/41 MP: 4/4
  1746 | D:2      | Bought a scroll of fog for 20 gold pieces
  1925 | D:3      | Noticed Ijyb
  1941 | D:4      | Noticed an ogre
  2541 | D:4      | Found a staircase to the Ecumenical Temple.
  2549 | Temple   | Entered the Ecumenical Temple
  2836 | D:4      | Reached ** piety under Lugonu
  2924 | D:4      | Reached XP level 5. HP: 13/47 MP: 5/5
  3313 | D:5      | Entered Level 5 of the Dungeon
  3348 | D:5      | Noticed a black bear
  3420 | D:4      | Reached skill level 1 in Throwing
  3469 | D:4      | Noticed a black bear
  3514 | D:3      | Killed Ijyb
  3851 | D:5      | Noticed an ice beast
  3857 | D:4      | Killed an ogre
  3858 | D:4      | Reached skill level 5 in Fighting
  3858 | D:4      | Reached XP level 6. HP: 56/56 MP: 7/7
  4298 | D:4      | Reached XP level 7. HP: 61/61 MP: 8/8
  4358 | D:6      | Reached skill level 5 in Axes
  4514 | D:5      | Reached skill level 1 in Evocations
  5246 | D:5      | Noticed Eustachio
  5345 | D:5      | Killed Eustachio
  5346 | D:5      | Reached skill level 5 in Armour
  5346 | D:5      | Reached XP level 8. HP: 61/70 MP: 9/9
  5874 | D:7      | Noticed a hornet
  5882 | D:7      | Paralysed by a hornet for 1 turns
  5886 | D:7      | Mangled by a hornet

Illustrated notes

Levels and vault maps discovered:
D:1:      heliophobic_arrival_enchanted_forest, layout_loops_ring
D:2:      layout_loops_ring, serial_shops, shop
D:3:      layout_basic, uniq_ijyb
D:4:      layout_loops_corners, minmay_temple_entry_glassed_door,
          kennysheep_generic_room_7
D:5:      layout_basic, serial_corexii_hall, chequers_hall_statues_y,
          chequers_hall_statues_corner_a, corexii_hall_statues_i,
          dk_rats_in_the_wall, uniq_eustachio
D:6:      layout_rooms
D:7:      layout_rooms, slow_altar_1, enter_bailey_5
Temple:   mainiacjoe_temple_hex_bubbles

Skill      XL: |  1  2  3  4  5  6  7  8 |
---------------+-------------------------+-----
Fighting       | 4 5 6 |  6.0
Invocations    | 2 3 |  3.6
Stealth        | 1 2 |  2.6
Axes           | 3 4 6 |  6.6
Armour         | 3 4 5 |  5.2
Dodging        | 2 3 |  3.5
Throwing       | 1 2 |  2.5
Evocations     | 1 |  1.6

Action                   |  1- 3 |  4- 6 |  7- 9 || total
-------------------------+-------+-------+-------++-------
Melee: Hand axe          |    49 |    32 |       ||    81
       Headbutt          |     3 |    12 |    12 ||    27
       War axe           |       |    46 |    78 ||   124
       Punch             |       |     2 |       ||     2
Invok: Depart the Abyss  |     1 |       |       ||     1
Evoke: Wand              |       |       |     1 ||     1
  Use: Scroll            |     1 |     3 |     7 ||    11
       Potion            |       |       |     1 ||     1
 Stab: Sleeping          |     1 |       |       ||     1
Armor: Leather armour    |    13 |    13 |       ||    26
       Scale mail        |       |    31 |    47 ||    78
Dodge: Dodged            |    24 |    54 |    53 ||   131
